 Dungeon Crawl Stone Soup version 0.21-a0-104-g7b58145 (webtiles) character file.

213 grindst0ne the Chucker (level 5, -2/57 HPs)
             Began as an Ogre Hunter on July 5, 2017.
             Slain by an ice beast (9 damage)
             ... on level 3 of the Dungeon.
             The game lasted 00:06:32 (3572 turns).

grindst0ne the Chucker (Ogre Hunter)                Turns: 3572, Time: 00:06:34

Health: -2/57      AC:  3    Str: 22      XL:     5   Next: 90%
Magic:  5/5        EV: 10    Int: 11 (12) God:
Gold:   67         SH:  0    Dex:  7 (9)  Spells: 4/4 levels left

rFire    . . .     SeeInvis .   a - +0 short sword
rCold    . . .     Gourm    .   (no shield)
rNeg     + . .     Faith    .   b - +0 robe
rPois    .         Spirit   .   (helmet restricted)
rElec    .         Reflect  .   (no cloak)
rCorr    .         Harm     .   (gloves unavailable)
MR       .....                  (boots unavailable)
Stlth    +.........             (no amulet)
HPRegen  0.19/turn              m - ring of positive energy
MPRegen  0.09/turn              (no ring)

@: mighty, flying
A: unfitting armour, tough skin 1
a: no special abilities


You were on level 3 of the Dungeon.
You were not hungry.

You visited 1 branch of the dungeon, and saw 3 of its levels.

You collected 67 gold pieces.

Inventory:

Hand Weapons
 a - a +0 short sword (weapon)
Missiles
 p - 58 stones (quivered)
 v - 7 javelins
Armour
 b - a +0 robe (worn)
Jewellery
 m - a ring of positive energy (left hand)
 x - an uncursed ring of see invisible {unknown}
Scrolls
 i - a scroll of enchant armour {unknown}
 k - 3 scrolls of identify {unknown}
 n - 2 scrolls of teleportation {unknown}
 q - a scroll of recharging {unknown}
 r - a scroll of fog {unknown}
 t - 2 scrolls of remove curse {unknown}
Potions
 e - a potion of degeneration
 h - a potion of might
 j - a potion of magic {unknown}
 l - a potion of mutation {unknown}
 o - 2 potions of heal wounds {unknown}
Comestibles
 f - 2 bread rations
 u - 2 meat rations
 w - a royal jelly


   Skills:
 + Level 5.5 Fighting
 + Level 5.8 Throwing
 - Level 1.7 Dodging
 - Level 0.6 Stealth


You had 4 spell levels left.
You didn't know any spells.

Dungeon Overview and Level Annotations

Branches:
Dungeon (3/15)

Altars:
Wu Jian


Innate Abilities, Weirdness & Mutations

You are too large for most types of armour.
You have tough skin. (AC +1)


Message History

The large rock barely misses the ice beast.
The ice beast barely misses you.
Throwing (i - inventory. (,) - cycle):
d - a throwing net (quivered)
Press: ? - help, Shift-Dir - straight line, f/p - ice beast
Aim: an ice beast (heavily wounded)
You throw a throwing net.
The throwing net closely misses the ice beast.
The ice beast hits you.
* * * LOW HITPOINT WARNING * * *
The ice beast freezes you!
* * * LOW HITPOINT WARNING * * *
It was a potion of flight.
You feel very buoyant.
You fly up into the air.
The ice beast barely misses you.
It was a potion of might.
You feel very mighty all of a sudden. The ice beast hits you.
* * * LOW HITPOINT WARNING * * *
The ice beast freezes you!
You die...

##.....#### ##.#.##
##.......## ##..#..#
##
#.........####...##.##
..
+.........'.))........
##
#[........####........
##.......## ##.......
##.....## ##......
##...## #...... ##@##
#....<. ##Y# #......
#..# ###.###
#............ #.#
............### #.
#.#.##......# #
##....(# #.(#...#
#........


You could see an ice beast.

Vanquished Creatures
  A jelly (D:3)
  Terence (D:3)
  An orc wizard (D:3)
  5 adders
  2 oozes
  2 dart slugs (D:1)
  2 leopard geckos (D:2)
  2 orcs (D:3)
  A ball python (D:3)
  7 giant cockroaches
  12 goblins
  6 hobgoblins
  6 jackals
  4 kobolds
  A quokka (D:3)
  7 bats
  3 frilled lizards
  8 rats
71 creatures vanquished.

Notes
Turn   | Place    | Note
-------+----------+-------------------------------------------
     0 | D:1      | grindst0ne the Ogre Hunter began the quest for the Orb.
     0 | D:1      | Reached XP level 1. HP: 22/22 MP: 1/1
   269 | D:1      | Reached XP level 2. HP: 13/31 MP: 2/2
   658 | D:1      | Reached XP level 3. HP: 30/39 MP: 3/3
  1612 | D:2      | Found an ornate altar of the Wu Jian Council.
  1622 | D:2      | Found a faded altar of an unknown god.
  1652 | D:2      | Reached XP level 4. HP: 45/48 MP: 4/4
  1672 | D:2      | Reached skill level 5 in Throwing
  2663 | D:3      | Noticed Terence
  2669 | D:3      | Killed Terence
  2669 | D:3      | Reached XP level 5. HP: 48/55 MP: 5/5
  3110 | D:3      | Reached skill level 5 in Fighting
  3553 | D:3      | Noticed an ice beast
  3572 | D:3      | Slain by an ice beast

Vault maps used:
D:1:      dpeg_arrival_lava_temple_mockup, minmay_tetromino_t4
D:2:      lemuel_doored_altar, chequers_ecumenical_altar_simple,
          minmay_misc_feat_columns, kennysheep_decorative_pillar
D:3:      first_bread, uniq_terence

Skill      XL: |  1  2  3  4  5 |
---------------+----------------+-----
Fighting       | 3 4 5 |  5.5
Throwing       | 5 |  5.8
Dodging        | |  1.7
Stealth        | |  0.6

Action                   |  1- 3 |  4- 6 || total
-------------------------+-------+-------++-------
Melee: Short sword       |   113 |   217 ||   330
Throw: Large rock        |     8 |    22 ||    30
       Throwing net      |       |     4 ||     4
       Javelin           |       |     7 ||     7
  Use: Potion            |       |     4 ||     4
 Stab: Sleeping          |     3 |       ||     3
  Eat: Chunk             |     2 |     7 ||     9
Armor: Robe              |    43 |    88 ||   131
Dodge: Dodged            |    68 |   138 ||   206
